General information
- name: BNet
- type: Ladder team game (AT/RT)
- host: Battle.net
- saver: DOGSANDHORSE.RU
map: Dragonblight
- players: 6
- length: 17:28
- speed: Fast
- version: 1.24 W3XP
- replay type:

» download(122 KB)
Players
team 1 (winner)
2xbackwrdzgldr (
green | 113 APM | 1979 actions | 17:27)
4 Archmage
2 Summon Water Elemental
2 Brilliance Aura
3 Mountain King
2 Storm Bolt
1 Bash
» actions
| Assign group hotkey | 194 | |
| Basic commands | 21 | |
| Build / train | 68 | |
| ESC pressed | 5 | |
| Enter build submenu | 23 | |
| Enter hero's abilities submenu | 7 | |
| Give item / drop item | 1 | |
| Right click | 885 | |
| Select / deselect | 313 | |
| Select group hotkey | 363 | |
| Use ability | 99 | |
1979 total
» units
| Peasant | 29 | |
| Sorceress | 3 | |
| Priest | 2 | |
| Spell Breaker | 1 | |
35 total
» upgrades
| Masonry | 2 | |
| Lumber Harvesting | 1 | |
| Sorceress Training | 2 | |
| Priest Training | 2 | |
7 total
» buildings
| Altar of Kings | 1 | |
| Farm | 11 | |
| Lumber Mill | 1 | |
| Keep | 1 | |
| Scout Tower | 7 | |
| Arcane Vault | 1 | |
| Arcane Tower | 3 | |
| Guard Tower | 2 | |
| Arcane Sanctum | 3 | |
| Castle | 3 | |
| Blacksmith | 1 | |
34 total
» build order
00:02 Altar of Kings
00:04 Farm
00:42 Lumber Mill
01:17 Farm
01:57 Farm
05:09 Keep
05:57 Scout Tower
05:59 Scout Tower
06:00 Arcane Vault
06:40 Arcane Tower
06:47 Scout Tower
06:57 Guard Tower
08:31 Arcane Sanctum
08:32 Arcane Sanctum
08:35 Arcane Sanctum
08:38 Farm
08:54 Scout Tower
08:55 Scout Tower
08:57 Scout Tower
08:57 Scout Tower
09:23 Arcane Tower
09:23 Arcane Tower
10:15 Guard Tower
10:30 Farm
10:31 Farm
10:32 Farm
13:36 Castle
13:36 Castle
14:50 Farm
14:50 Farm
14:51 Farm
14:52 Farm
14:55 Blacksmith
BI-fcl_gldrbs (
purple | 105 APM | 1833 actions | 17:27)
5 Pandaren Brewmaster
3 Breath of Fire
1 Drunken Haze
1 Drunken Brawler
» actions
| Assign group hotkey | 26 | |
| Basic commands | 27 | |
| Build / train | 62 | |
| ESC pressed | 2 | |
| Enter build submenu | 19 | |
| Enter hero's abilities submenu | 5 | |
| Give item / drop item | 1 | |
| Right click | 1018 | |
| Select / deselect | 183 | |
| Select group hotkey | 434 | |
| Use ability | 56 | |
1833 total
» units
» upgrades
| Ultravision | 1 | |
| Strength of the Wild | 2 | |
| Abolish Magic | 1 | |
| Reinforced Hides | 2 | |
| Well Spring | 1 | |
7 total
» buildings
| Moon Well | 6 | |
| Tree of Life | 2 | |
| Altar of Elders | 1 | |
| Hunter's Hall | 1 | |
| Ancient of War | 2 | |
| Tree of Ages | 1 | |
| Ancient of Wonders | 2 | |
| Ancient of Lore | 2 | |
| Tree of Eternity | 1 | |
| Ancient of Wind | 1 | |
19 total
» build order
00:22 Moon Well
01:11 Tree of Life
01:41 Altar of Elders
02:46 Hunter's Hall
02:48 Ancient of War
03:03 Ancient of War
03:29 Moon Well
03:31 Moon Well
06:28 Tree of Ages
07:40 Ancient of Wonders
07:56 Moon Well
07:56 Moon Well
08:58 Ancient of Lore
09:07 Ancient of Lore
10:49 Moon Well
12:21 Tree of Life
12:24 Tree of Eternity
13:24 Ancient of Wonders
15:22 Ancient of Wind
» items
| Scroll of Town Portal | 2 | |
| Boots of Speed | 1 | |
| Scroll of Healing | 1 | |
| Scroll of Regeneration | 1 | |
| Potion of Healing | 1 | |
| Lesser Clarity Potion | 1 | |
| Orb of Venom | 1 | |
8 total
DOGSANDHORSE.RU (
blue | 91 APM | 1595 actions | 17:28)
4 Archmage
2 Summon Water Elemental
2 Brilliance Aura
1 Mountain King
1 Storm Bolt
» actions
| Assign group hotkey | 34 | |
| Basic commands | 4 | |
| Build / train | 83 | |
| Enter build submenu | 49 | |
| Enter hero's abilities submenu | 6 | |
| Remove unit from queue | 9 | |
| Right click | 811 | |
| Select / deselect | 301 | |
| Select group hotkey | 189 | |
| Use ability | 109 | |
1595 total
» units
| Peasant | 21 | |
| Footman | 7 | |
| Dragonhawk Rider | 1 | |
29 total
» upgrades
| Masonry | 1 | |
| Defend | 1 | |
| Lumber Harvesting | 1 | |
3 total
» buildings
| Altar of Kings | 1 | |
| Farm | 9 | |
| Barracks | 1 | |
| Lumber Mill | 2 | |
| Scout Tower | 36 | |
| Arcane Tower | 2 | |
| Guard Tower | 26 | |
| Keep | 1 | |
| Arcane Vault | 2 | |
| Blacksmith | 1 | |
| Town Hall | 3 | |
| Gryphon Aviary | 2 | |
86 total
» build order
00:22 Altar of Kings
00:24 Farm
00:40 Barracks
00:42 Farm
01:17 Lumber Mill
01:46 Farm
02:42 Scout Tower
02:44 Scout Tower
03:17 Arcane Tower
04:03 Scout Tower
04:03 Scout Tower
04:04 Scout Tower
04:05 Scout Tower
04:06 Scout Tower
04:44 Guard Tower
04:48 Lumber Mill
04:57 Arcane Tower
04:58 Guard Tower
05:16 Guard Tower
05:59 Scout Tower
06:19 Farm
06:29 Guard Tower
06:29 Guard Tower
06:42 Guard Tower
06:44 Scout Tower
07:20 Guard Tower
07:20 Guard Tower
07:22 Scout Tower
07:23 Scout Tower
07:55 Guard Tower
08:05 Scout Tower
08:06 Scout Tower
08:06 Scout Tower
08:41 Keep
08:42 Guard Tower
08:51 Arcane Vault
08:53 Scout Tower
08:53 Scout Tower
08:54 Scout Tower
09:06 Guard Tower
09:19 Guard Tower
09:31 Blacksmith
09:37 Farm
09:38 Farm
09:39 Farm
09:41 Farm
09:53 Arcane Vault
10:07 Guard Tower
10:07 Guard Tower
10:14 Guard Tower
10:33 Guard Tower
10:59 Town Hall
11:01 Town Hall
12:12 Town Hall
12:53 Farm
13:13 Scout Tower
13:17 Scout Tower
13:18 Scout Tower
13:20 Scout Tower
13:22 Scout Tower
13:24 Scout Tower
13:43 Scout Tower
13:45 Scout Tower
14:02 Gryphon Aviary
14:04 Scout Tower
14:05 Scout Tower
14:06 Scout Tower
14:07 Scout Tower
14:08 Scout Tower
14:10 Guard Tower
14:16 Scout Tower
14:17 Scout Tower
14:18 Scout Tower
14:19 Scout Tower
14:20 Scout Tower
14:21 Scout Tower
14:21 Guard Tower
14:22 Guard Tower
14:22 Guard Tower
14:22 Guard Tower
14:49 Guard Tower
15:05 Guard Tower
15:44 Guard Tower
15:49 Guard Tower
16:51 Gryphon Aviary
16:52 Guard Tower
» items
| Scroll of Regeneration | 1 | |
| Scroll of Town Portal | 1 | |
2 total
team 2 (loser)

»
Nijaa (
yellow | 77 APM | 1335 actions | 17:26)
2 Demon Hunter
1 Mana Burn
1 Evasion
» actions
| Assign group hotkey | 12 | |
| Basic commands | 3 | |
| Build / train | 37 | |
| Enter build submenu | 33 | |
| Enter hero's abilities submenu | 2 | |
| Remove unit from queue | 3 | |
| Right click | 287 | |
| Select / deselect | 245 | |
| Select group hotkey | 669 | |
| Use ability | 44 | |
1335 total
» units
| Wisp | 23 | |
| Glaive Thrower | 4 | |
| Chimaera | 4 | |
31 total
» upgrades
» buildings
| Altar of Elders | 1 | |
| Moon Well | 5 | |
| Hunter's Hall | 1 | |
| Ancient of War | 1 | |
| Ancient Protector | 12 | |
| Tree of Ages | 1 | |
| Tree of Eternity | 1 | |
| Ancient of Wind | 1 | |
| Chimaera Roost | 2 | |
25 total
» build order
00:08 Altar of Elders
00:19 Moon Well
01:28 Hunter's Hall
01:50 Ancient of War
02:35 Ancient Protector
02:42 Ancient Protector
02:58 Ancient Protector
03:50 Ancient Protector
04:14 Ancient Protector
04:24 Ancient Protector
04:54 Ancient Protector
05:27 Tree of Ages
05:28 Ancient Protector
05:52 Moon Well
06:18 Ancient Protector
06:35 Ancient Protector
08:02 Ancient Protector
09:33 Tree of Eternity
09:39 Ancient of Wind
11:30 Ancient Protector
11:37 Moon Well
11:59 Chimaera Roost
12:04 Chimaera Roost
13:02 Moon Well
15:47 Moon Well

»
rakiim (
pink | 20 APM | 346 actions | 17:26)
1 Demon Hunter
1 Mana Burn
» actions
| Assign group hotkey | 8 | |
| Basic commands | 1 | |
| Build / train | 17 | |
| Enter build submenu | 7 | |
| Enter hero's abilities submenu | 1 | |
| Remove unit from queue | 2 | |
| Right click | 147 | |
| Select / deselect | 97 | |
| Select group hotkey | 18 | |
| Use ability | 47 | |
346 total
» units
» buildings
| Altar of Elders | 1 | |
| Moon Well | 2 | |
| Hunter's Hall | 1 | |
| Ancient Protector | 3 | |
| Tree of Ages | 0 | |
7 total
» build order
00:10 Altar of Elders
00:13 Moon Well
01:25 Hunter's Hall
01:43 Moon Well
02:48 Ancient Protector
02:49 Ancient Protector
02:50 Ancient Protector
03:35 Tree of Ages

»
woofwoof (
red | 101 APM | 1749 actions | 17:21)
4 Death Knight
2 Death Coil
2 Unholy Aura
» actions
| Assign group hotkey | 275 | |
| Basic commands | 5 | |
| Build / train | 59 | |
| Enter build submenu | 17 | |
| Enter hero's abilities submenu | 4 | |
| Right click | 917 | |
| Select / deselect | 319 | |
| Select group hotkey | 119 | |
| Use ability | 34 | |
1749 total
» units
| Acolyte | 3 | |
| Ghoul | 4 | |
| Frost Wyrm | 7 | |
14 total
» upgrades
| Creature Attack | 3 | |
| Freezing Breath | 1 | |
4 total
» buildings
| Graveyard | 1 | |
| Crypt | 2 | |
| Ziggurat | 10 | |
| Altar of Darkness | 1 | |
| Nerubian Tower | 3 | |
| Spirit Tower | 20 | |
| Halls of the Dead | 3 | |
| Tomb of Relics | 1 | |
| Black Citadel | 2 | |
| Sacrificial Pit | 1 | |
| Boneyard | 2 | |
46 total
» build order
00:07 Graveyard
00:09 Crypt
00:19 Crypt
00:39 Ziggurat
01:27 Altar of Darkness
01:47 Ziggurat
01:49 Nerubian Tower
01:49 Nerubian Tower
02:16 Ziggurat
02:41 Spirit Tower
02:42 Spirit Tower
02:42 Spirit Tower
02:49 Ziggurat
03:09 Spirit Tower
03:09 Spirit Tower
03:33 Ziggurat
04:11 Halls of the Dead
04:12 Halls of the Dead
04:13 Spirit Tower
04:13 Spirit Tower
04:43 Ziggurat
04:46 Spirit Tower
04:46 Spirit Tower
04:46 Spirit Tower
05:09 Ziggurat
05:10 Ziggurat
05:12 Ziggurat
05:12 Ziggurat
06:07 Tomb of Relics
06:10 Spirit Tower
06:13 Spirit Tower
06:13 Spirit Tower
06:13 Spirit Tower
06:32 Black Citadel
06:38 Sacrificial Pit
08:55 Boneyard
08:58 Boneyard
» items
| Scroll of Town Portal | 1 | |
| Orb of Corruption | 1 | |
2 total
Chat log
(03:36 / All) DOGSANDHORSE.RU: hey
(03:39 / All) DOGSANDHORSE.RU: wnat to see something cool
(03:46 / All) rakiim: lol
(15:14 / Allies) DOGSANDHORSE.RU: wood jew would me
(17:15 / All) DOGSANDHORSE.RU: enjoy this game
(17:20 / All) DOGSANDHORSE.RU: i hope you have i hope you do
(17:25 / All) rakiim: sosi pidor